 Dungeon Crawl Stone Soup version 0.27.1-33-g824d729ab1 (console) character file.

Game seed: 13704654962076311046

322 Banquo the Covered (level 6, -4/46 HPs)
             Began as a Djinni Chaos Knight on Dec 29, 2021.
             Was a Plaything of Xom.
             Slain by a hornet (10 damage)
             ... on level 5 of the Dungeon.
             The game lasted 00:18:28 (5782 turns).

Banquo the Covered (Djinni Chaos Knight)            Turns: 5782, Time: 00:18:29

Health: -4/46      AC:  7    Str: 11    XL:     6   Next: 76%
Gold:   204        EV: 12    Int: 15    God:    Xom [..*...] SH:  4 Dex: 15

rFire    + + .     SeeInvis .   a - +2 dagger (venom)
rCold    x . .     Faith    .   (no shield)
rNeg     . . .     Spirit   .   d - +3 leather armour
rPois    ∞         Reflect  .   (no helmet)
rElec    .         Harm     .   e - +0 cloak
rCorr    .         Rampage  .   (no gloves)
Will     .....                  (boots unavailable)
Stlth    +.........             (no amulet)
HPRegen  0.15/turn              (no ring)
MPRegen  0.00/turn              (no ring)

@: mighty, flying, very slightly contaminated
A: sickness immunity, fire resistance 2, cold vulnerability 1, float, innate
caster, hp casting, extra vitality 1, large bone plates 1, agile 1, wild magic 1
a: Renounce Religion


You were on level 5 of the Dungeon.
You worshipped Xom.
You were a toy of Xom.
You visited 1 branch of the dungeon, and saw 5 of its levels.

You collected 204 gold pieces.

Inventory:

Hand Weapons
 a - a +2 dagger of venom (weapon)
 b - a +1 short sword of chaos
 f - a +0 spear
 m - a +0 dagger
 r - a +0 hunting sling
 y - a +0 short sword
 A - a +0 trident
Missiles
 c - 6 atropa-tipped darts (quivered)
 g - 25 bolts
 k - 22 poisoned darts
 l - 135 stones
 z - 11 sling bullets
Armour
 d - a +3 leather armour (worn)
 e - a +0 cloak (worn)
Jewellery
 i - a ring of magical power
Wands
 p - a wand of iceblast (12)
Scrolls
 j - 2 scrolls of enchant weapon
 o - a scroll of fog {unknown}
 q - a scroll of immolation
 u - a scroll of magic mapping
Potions
 h - a potion of resistance
 s - a potion of flight
 t - a potion of mutation
 v - a potion of curing


   Skills:
 - Level 3.0 Fighting
 - Level 3.4 Short Blades
 - Level 4.0 Armour
 - Level 2.1 Dodging
 * Level 3.0 Spellcasting


You had 8 spell levels left.
You knew the following spells:

 Your Spells              Type           Power      Damage    Failure   Level
a - Foxfire               Conj/Fire      60%        2x1d7     11%         1
d - Static Discharge      Conj/Air       15%        N/A       16%         2
Your spell library was empty.

Dungeon Overview and Level Annotations

Branches:
Dungeon (5/15)
 Temple: D:4-7

Altars:


Innate Abilities, Weirdness & Mutations

You are immune to sickness and miasma.
You are immune to poison.
Your flesh is very heat resistant. (rF++)
You are vulnerable to cold. (rC-)
You float through the air rather than walking.
You learn spells naturally, not from books.
Your magical power is your life essence.
You have superior vitality. (+4 HP)
You are partially covered in large bone plates. (SH +4)
You are agile. (Dex +2)
Your spells are a little harder to cast, but a little more powerful.


Message History

The hornet is lightly wounded.
The foxfire hits the hornet but does no damage.
The hornet is lightly wounded.
The hornet stings you!
The hornet stings you but does no damage.
Casting: Foxfire (safe; 11% risk of failure)
Confirm with . or Enter, or press ? or * to list all spells.
You miscast Foxfire.
You are very lightly contaminated with residual magic.
Nothing appears to happen.
You block the hornet's attack.
Casting: Foxfire (safe; 11% risk of failure)
Confirm with . or Enter, or press ? or * to list all spells.
You miscast Static Discharge.
Nothing appears to happen.
You block the hornet's attack.
The hornet stings you but does no damage.
Casting: Static Discharge (safe; 16% risk of failure)
Confirm with . or Enter, or press ? or * to list all spells.
The hornet is struck by an arc of lightning.
The hornet is lightly wounded.
You are struck by an arc of lightning.
* * * LOW HITPOINT WARNING * * *
The lightning grounds out.
* * * LOW HITPOINT WARNING * * *
The hornet stings you.
* * * LOW HITPOINT WARNING * * *
Unknown command.
It was a potion of curing.
You feel better.
Xom thinks this is hilarious!
Xom makes a sudden noise!
You hear a roar!
You hear a shout! x3; You hear an angry hiss.
You hear a shout! x2
The hornet misses you. The hornet stings you!
* * * LOW HITPOINT WARNING * * *
It was a potion of flight.
You feel more buoyant.
The hornet stings you but does no damage.
It was a potion of might.
You feel very mighty all of a sudden. The hornet stings you!
You die...
Xom laughs nastily!

#.......# #.......# #...
#.......# #... #.......#
#..# #.....$.# #..#
#....# #..#
.#####...###.P####
.......y...#.....####...
......#.@#.#............
.##...#..#.##.##.######
.##.#.#.>#.##...........
........<......#########
######.[...###.#####
##............#
#..#[###.###.######
#..#.#.... #<......
#........# #.######


You could see a hornet.

Vanquished Creatures
  Dowan (D:5)
  A hound skeleton (D:4)
  4 adders
  A shadow imp (D:5)
  3 dart slugs
  An orc (D:4)
  7 ball pythons
  4 endoplasms
  5 giant cockroaches
  7 goblins
  6 hobgoblins
  3 kobolds
  3 quokkas
  4 bats
  6 frilled lizards
  5 rats
61 creatures vanquished.

Vanquished Creatures (collateral kills)
  Duvessa (D:5)
  An ogre (D:4)
  Terence (D:3)
3 creatures vanquished.

Vanquished Creatures (others)
  95 foxfires
  3 plants
98 creatures vanquished.

Grand Total: 162 creatures vanquished

Notes
Turn   | Place    | Note
-------+----------+-------------------------------------------
     0 | D:1      | Banquo the Djinni Chaos Knight began the quest for the Orb.
     0 | D:1      | Reached XP level 1. HP: 20/20 MP: 0/0
    38 | D:1      | Reached XP level 2. HP: 24/25 MP: 0/0
    58 | D:1      | XOM: silly message
   500 | D:1      | XOM: silly message
   530 | D:1      | Reached XP level 3. HP: 26/30 MP: 0/0
   530 | D:1      | Learned a level 1 spell: Foxfire
   765 | D:1      | XOM: noise
   816 | D:1      | Found a faded altar of an unknown god.
  1037 | D:2      | XOM: silly message
  1200 | D:2      | Reached skill level 2 in Armour
  1304 | D:2      | XOM is BORED!
  1304 | D:2      | XOM: noise
  1370 | D:2      | Reached XP level 4. HP: 33/35 MP: 0/0
  2138 | D:3      | XOM: cloud trail
  2212 | D:3      | Reached skill level 1 in Spellcasting
  2254 | D:3      | XOM: divination: detect items
  2575 | D:3      | Noticed Terence
  2645 | D:3      | XOM: cloud trail
  2944 | D:3      | XOM: draining
  2958 | D:3      | XOM: swap monsters
  2961 | D:3      | XOM: confusion
  2966 | D:3      | XOM: stat loss: -1 Dex (12/13)
  3196 | D:3      | XOM: enchant monster (bad)
  3198 | D:3      | XOM: divination: detect items
  3213 | D:3      | XOM: scenery: summon butterflies
  3223 | D:3      | XOM: summons friendly ufetubus
  3245 | D:3      | Killed Terence
  3246 | D:3      | Reached skill level 3 in Armour
  3362 | D:4      | Noticed an ogre
  3446 | D:4      | Reached XP level 5. HP: 27/37 MP: 0/0
  3446 | D:4      | Learned a level 2 spell: Static Discharge
  3746 | D:4      | XOM: 4-stop teleportation journey
  4179 | D:4      | XOM: 1-stop teleportation journey
  4435 | D:4      | XOM: cloud trail
  4542 | D:4      | XOM: give mutations
  4542 | D:4      | Gained mutation: Your spells are a little harder to cast,
                  | but a little more powerful. [Xom's grace]
  4542 | D:4      | Gained mutation: You are agile. (Dex +2) [Xom's grace]
  4542 | D:4      | Gained mutation: You are partially covered in large bone
                  | plates. (SH +4) [Xom's grace]
  4609 | D:4      | Killed an ogre
  4610 | D:4      | Reached XP level 6. HP: 26/46 MP: 0/0
  4798 | D:4      | XOM: 2-stop teleportation journey
  4991 | D:5      | Entered Level 5 of the Dungeon
  4991 | D:5      | Noticed a hornet
  5127 | D:5      | Noticed Dowan
  5209 | D:5      | XOM: butterfly on damage
  5214 | D:5      | XOM: scenery: summon butterflies
  5469 | D:5      | Killed Dowan
  5634 | D:5      | Noticed Duvessa
  5696 | D:5      | Killed Duvessa
  5697 | D:5      | Reached skill level 4 in Armour
  5780 | D:5      | XOM: noise
  5782 | D:5      | Slain by a hornet

Illustrated notes

Levels and vault maps discovered:
D:1:      dpeg_arrival_windows_large_door, layout_rooms,
          hellmonk_ecumenical_altar_prayer_group
D:2:      layout_basic, serial_forest, infiniplex_forest_fountain,
          infiniplex_forest_straight_5, infiniplex_forest_lined_4_way,
          infiniplex_forest_lined_3_way, infiniplex_forest_lined_room_2,
          infiniplex_forest_clump_long
D:3:      layout_loops_ring, minmay_misc_feat_columns, minivault_23,
          uniq_terence
D:4:      layout_basic, chequers_serial_rivers_marsh, kennysheep_nondescript
D:5:      corexii_shantytown, layout_basic, jmf_multi_god_temple2, serial_shops,
          shop, serial_bayou_pond_a, uniq_duvessa, uniq_pikel

Skill      XL: |  1  2  3  4  5  6 |
---------------+-------------------+-----
Short Blades   | 3 |  3.4
Armour         | 2 3 4 |  4.0
Spellcasting   | 1 2 3 |  3.0
Fighting       | |  3.0
Dodging        | |  2.1

Action                   |  1- 3 |  4- 6 || total
-------------------------+-------+-------++-------
Melee: Short sword       |   103 |    22 ||   125
 Cast: Foxfire           |       |    62 ||    62
       Static Discharge  |       |     7 ||     7
  Use: Scroll            |       |     9 ||     9
       Potion            |       |     3 ||     3
Armor: Leather armour    |    47 |    15 ||    62
Dodge: Dodged            |    66 |    32 ||    98
Block: Other             |       |     4 ||     4
